 Dungeon Crawl Stone Soup version 0.18.1-50-g88ac8fd (webtiles) character file.

1144 Ladykiller69 the Basher (level 8, -4/87 HPs)
             Began as an Ogre Gladiator on Oct 26, 2016.
             Shot with an arrow by a centaur (10 damage)
             ... on level 6 of the Dungeon.
             The game lasted 00:17:19 (5994 turns).

Ladykiller69 the Basher (Ogre Gladiator)            Turns: 5994, Time: 00:17:19

Health: -4/87      AC:  4    Str: 21    XL:     8   Next: 37%
Magic:  8/8        EV: 10    Int:  7    God:
Gold:   203        SH:  0    Dex: 12    Spells: 0 memorised, 7 levels left

rFire  . . .     SeeInvis .     v - +0 giant club
rCold  . . .     Gourm    .     b - +0 robe
rNeg   . . .     Faith    .     (shield currently unavailable)
rPois  .         Spirit   .     c - +0 hat
rElec  .         Dismiss  .     q - +0 cloak
rCorr  .         Reflect  .     (gloves unavailable)
SustAt .         Harm     .     (boots unavailable)
MR     .....                    (no amulet)
Stlth  +.........               (no ring)
                                (no ring)

@: not resistant to hostile enchantments, very unstealthy
A: unfitting armour, tough skin 1
a: no special abilities


You were on level 6 of the Dungeon.
You were not hungry.

You visited 2 branches of the dungeon, and saw 7 of its levels.

You collected 203 gold pieces.

Inventory:

Hand Weapons
 a - a +0 flail
 v - a +0 giant club (weapon)
Missiles
 d - 3 throwing nets
 t - 137 stones (quivered)
 y - 5 tomahawks
Armour
 b - a +0 robe (worn)
 c - a +0 hat (worn)
 q - a +0 cloak (worn)
Jewellery
 j - a cursed ring of loudness {unknown}
Wands
 u - a wand of disintegration (4/24)
 A - a wand of random effects (21/48)
 E - a wand of flame (25/48)
Scrolls
 h - 2 scrolls of amnesia {unknown}
 k - 4 scrolls of remove curse {unknown}
 l - 8 scrolls of identify {unknown}
 n - a scroll of magic mapping {unknown}
 C - a scroll of fear {unknown}
 G - a scroll of enchant weapon {unknown}
Potions
 o - 2 potions of cure mutation {unknown}
 p - 2 potions of haste {unknown}
 r - a potion of magic {unknown}
 s - a potion of lignification {unknown}
 w - a potion of curing {unknown}
 x - a potion of berserk rage {unknown}
 B - a potion of mutation {unknown}
Books
 H - a book of Geomancy

   Spells                             Type                      Level
   a - Sandblast                      Earth                        1
   b - Passwall                       Transmutation/Earth          2
   c - Stone Arrow                    Conjuration/Earth            3
   d - Petrify                        Transmutation/Earth          4
   e - Lee's Rapid Deconstruction     Earth                        5
Comestibles
 f - 6 bread rations
 i - a meat ration
 z - a slice of pizza
 D - 5 fruits


   Skills:
 + Level 7.2 Fighting
 * Level 10.9 Maces & Flails
 - Level 2.0 Throwing
 - Level 3.1 Dodging


You had 7 spell levels left.
You didn't know any spells.

Dungeon Overview and Level Annotations

Branches:
Dungeon (6/15)             Temple (1/1) D:6

Altars:
Ashenzari
Cheibriados
Dithmenos
Elyvilon
Fedhas
Gozag
Kikubaaqudgha
Nemelex Xobeh
Okawaru
Pakellas
Qazlal
Ru
Sif Muna
Vehumet
Xom
Yredelemnul
Zin


Innate Abilities, Weirdness & Mutations

You are too large for most types of armour.
You have tough skin (AC +1).


Message History

You hear a loud clanging noise!
It was a scroll of noise.
The centaur closely misses you.
The orc warrior hits you with a short sword!
* * * LOW HITPOINT WARNING * * *
Drink which item? (? for menu, Esc to quit)
You feel much better. The centaur completely misses you.
The centaur misses you.
The orc warrior hits you with a short sword!
* * * LOW HITPOINT WARNING * * *
Eat which item? (? for menu, Esc to quit)
Okay, then.
Read which item? (? for menu, Esc to quit)
As you read the scroll labeled BETZESTOS, it crumbles to dust.
You smell mustard.
It was a scroll of random uselessness.
The centaur barely misses you.
The orc warrior hits you with a short sword!
* * * LOW HITPOINT WARNING * * *
The centaur wields an uncursed shortbow.
The centaur shoots an arrow.
The arrow hits you!
You die...

### #### # ..# #...
##.#### #.# #.## #....$#
#.# #.# #..##.##
#.###########.##
#......###.##............
#.....o)@.(#..########...
#...#.c###....# #...
#..............# #...
♣♣####.÷...........##
#... ♣
♣♣.....#..######.#.##
#...
♣♣♣..).............#.#
#...
(♣...≈≈≈....########.#
#... ....≈≈≈≈≈...# ##+#
#### ....≈≈♣≈≈...#
##...## #


You could see an orc warrior and a centaur.

Vanquished Creatures
  A phantom (D:6)
  4 ogres
  2 ice beasts
  A scorpion (D:6)
  2 crimson imps (D:6)
  A giant frog zombie (D:5)
  A hound (D:4)
  2 orc wizards (D:6)
  3 worker ants
  A hound skeleton (D:4)
  3 gnolls (D:3)
  10 adders
  A shadow imp (D:6)
  An adder skeleton (D:5)
  4 worms
  5 dart slugs
  3 giant geckos
  4 orcs
  4 giant cockroaches
  7 goblins
  5 hobgoblins (D:1)
  7 jackals
  A quokka (D:6)
  2 ball pythons
  10 bats
  A giant gecko skeleton (D:4)
  4 giant newts
  8 kobolds
  9 rats
107 creatures vanquished.

Notes
Turn   | Place    | Note
--------------------------------------------------------------
     0 | D:1      | Ladykiller69 the Ogre Gladiator began the quest for the Orb.
     0 | D:1      | Reached XP level 1. HP: 22/22 MP: 1/1
   185 | D:1      | Reached XP level 2. HP: 28/31 MP: 2/2
   534 | D:1      | Reached XP level 3. HP: 31/37 MP: 3/3
   559 | D:1      | Reached skill level 5 in Maces & Flails
  1016 | D:2      | Found an ancient bone altar of Kikubaaqudgha.
  1081 | D:2      | Found a deep blue altar of Sif Muna.
  1180 | D:2      | Found a sacrificial altar of Ru.
  1180 | D:2      | Found an iron altar of Okawaru.
  1181 | D:2      | Found an oddly glowing altar of Pakellas.
  1306 | D:2      | Found a snail-covered altar of Cheibriados.
  1406 | D:2      | Reached XP level 4. HP: 19/45 MP: 4/4
  1738 | D:3      | Found a stormy altar of Qazlal.
  1831 | D:3      | Reached skill level 6 in Maces & Flails
  1952 | D:3      | Reached XP level 5. HP: 39/54 MP: 5/5
  2152 | D:3      | Found a faded altar to an unknown god.
  3223 | D:4      | Noticed an ogre
  3253 | D:4      | Killed an ogre
  3253 | D:4      | Reached skill level 7 in Maces & Flails
  3253 | D:4      | Reached XP level 6. HP: 45/63 MP: 6/6
  3772 | D:4      | Found an opulent altar of Gozag.
  3807 | D:4      | Found a shimmering altar of Xom.
  3814 | D:4      | Reached skill level 5 in Fighting
  3814 | D:4      | Reached skill level 8 in Maces & Flails
  3978 | D:4      | Reached XP level 7. HP: 72/72 MP: 7/7
  4046 | D:5      | Entered Level 5 of the Dungeon
  4081 | D:5      | Reached skill level 9 in Maces & Flails
  4698 | D:5      | Found a shadowy altar of Dithmenos.
  4862 | D:5      | Found a stormy altar of Qazlal.
  5003 | D:6      | Found a staircase to the Ecumenical Temple.
  5073 | Temple   | Entered the Ecumenical Temple
  5250 | D:6      | Reached skill level 10 in Maces & Flails
  5260 | D:6      | Reached XP level 8. HP: 53/84 MP: 8/8
  5658 | D:6      | Found a white marble altar of Elyvilon.
  5991 | D:6      | HP: 4/87 [orc warrior/short sword (13)]
  5994 | D:6      | Shot with an arrow by a centaur

Skill      XL: |  1  2  3  4  5  6  7  8 |
---------------+-------------------------+-----
Fighting       | 3 4 5 6 7 |  7.2
Maces & Flails | 5 6 7 8 10 | 10.9
Dodging        | 3 |  3.1
Throwing       | |  2.0

Action                   |  1- 3 |  4- 6 |  7- 9 || total
-------------------------+-------+-------+-------++-------
Melee: Flail             |   142 |   154 |    13 ||   309
       Giant club        |       |       |    71 ||    71
Throw: Stone             |       |     9 |    13 ||    22
  Use: Potion            |     1 |       |     2 ||     3
       Scroll            |       |       |     2 ||     2
 Stab: Sleeping          |       |     1 |       ||     1
  Eat: Chunk             |     2 |     8 |     5 ||    15
       Fruit             |       |       |     2 ||     2
Armor: Robe              |    46 |    52 |    19 ||   117
Dodge: Dodged            |    72 |    79 |    39 ||   190
